 Dungeon Crawl Stone Soup version 0.26-a0-667-g92642533e4 (webtiles) character file.

Game seed: 7242028395812335041

625 Descartes the Chiller (level 7, -1/36 HPs)
             Began as a Deep Elf Ice Elementalist on Oct 18, 2020.
             Slain by a sky beast (5 damage)
             ... on level 5 of the Dungeon.
             The game lasted 00:11:17 (4350 turns).

Descartes the Chiller (Deep Elf Ice Elementalist)   Turns: 4350, Time: 00:11:18

Health: -1/36      AC:  5    Str:  5    XL:     7   Next: 23%
Magic:  10/16      EV: 12    Int: 22    God:
Gold:   197        SH:  5    Dex: 15    Spells: 12/16 levels left

rFire    . . .     SeeInvis .   E - +2 dagger (speed)
rCold    . . .     Faith    .   s - +0 buckler
rNeg     . . .     Spirit   .   p - +0 leather armour
rPois    .         Reflect  .   v - +0 helmet
rElec    .         Harm     .   (no cloak)
rCorr    .         Rampage  .   i - +0 pair of gloves
MR       .....                  (no boots)
Stlth    ++........             A - amulet of the acrobat
HPRegen  0.12/turn              (no ring)
MPRegen  0.15/turn              k - ring of wizardry

@: frozen ramparts
A: no striking features
a: no special abilities


You were on level 5 of the Dungeon.
You visited 1 branch of the dungeon, and saw 5 of its levels.

You collected 197 gold pieces.

Inventory:

Hand Weapons
 x - a +0 hunting sling
 E - a +2 dagger of speed (weapon)
Missiles
 e - 37 arrows
 f - 48 sling bullets
 g - 80 stones (quivered)
 n - 92 bolts
 D - 2 boomerangs
Armour
 a - a +0 robe
 i - a +0 pair of gloves (worn)
 p - a +0 leather armour (worn)
 s - a +0 buckler (worn)
 v - a +0 helmet (worn)
Jewellery
 k - a ring of wizardry (right hand)
 A - an amulet of the acrobat (around neck)
Wands
 u - a wand of random effects (20)
 y - a wand of polymorph (11)
 z - a wand of enslavement (7)
Scrolls
 b - a scroll of enchant weapon
 c - 2 scrolls of amnesia
 h - a scroll of remove curse
 l - 3 scrolls of immolation
 q - 3 scrolls of teleportation {unknown}
 r - a scroll of fear {unknown}
 w - a scroll of blinking {unknown}
 B - a scroll of enchant armour {unknown}
Potions
 d - 2 potions of cancellation
 j - a potion of curing
 m - a potion of brilliance {unknown}
 o - a potion of stabbing
 t - a potion of heal wounds {unknown}


   Skills:
 - Level 2.4 Dodging
 - Level 2.4 Stealth
 - Level 4.0 Shields
 - Level 5.0 Spellcasting
 + Level 7.2 Ice Magic


You had 12 spell levels left.
You knew the following spells:

 Your Spells              Type           Power        Failure   Level
a - Freeze                Ice            ####         1%          1
b - Frozen Ramparts       Ice            #####.       1%          3

Your spell library contained the following spells:

 Spells                   Type           Power        Failure   Level
 Ozocubu's Armour         Ice            #####...     1%          3
 Animate Skeleton         Necr           #.....       7%          1
 Apportation              Tloc           #.....       7%          1
 Corona                   Hex            #......      7%          1
 Summon Small Mammal      Summ           #...         7%          1
 Hailstorm                Conj/Ice       ###.....     16%         4
 Summon Ice Beast         Ice/Summ       ###.....     16%         4


Dungeon Overview and Level Annotations

Branches:
Dungeon (5/15)
 Temple: D:4-7

Altars:
Trog


Message History

Casting: Frozen Ramparts (safe; 1% risk of failure)
Confirm with . or Enter, or press ? or * to list all spells.
The walls around you are covered in ice.
The bullfrog skeleton completely resists.
The wall freezes the bullfrog skeleton but do no damage.
The bullfrog skeleton closely misses you.
The wall freezes the sky beast.
The sky beast closely misses you.
The bullfrog skeleton completely resists.
The wall freezes the bullfrog skeleton but do no damage.
The bullfrog skeleton hits you.
* * * LOW HITPOINT WARNING * * *
The quokka zombie completely resists.
The wall freezes the quokka zombie but do no damage.
The bullfrog skeleton completely resists.
The wall freezes the bullfrog skeleton but do no damage.
The bullfrog skeleton barely misses you.
The wall freezes the sky beast.
The sky beast hits you.
* * * LOW HITPOINT WARNING * * *
The sky beast shocks you.
You die...

... .. # ..
##.##. .##
#.#.... .[
....... #.
.......
..####Z##.......
.......@YZ...#
.#.....#.##.....
......#### ...
...... . #....
##.#. #.# .


You could see a sky beast, a quokka zombie and a bullfrog skeleton.

Vanquished Creatures
  A sky beast (D:4)
  2 ogres (D:4)
  An orc wizard (D:3)
  2 orc priests
  Jessica (D:3)
  3 worker ants (D:4)
  Robin (D:2)
  3 gnolls (D:3)
  3 adders
  A white imp (D:4)
  A worm (D:2)
  2 dart slugs (D:1)
  3 leopard geckos
  12 orcs
  7 bats
  7 giant cockroaches
  13 goblins
  10 hobgoblins
  A quokka (D:4)
  A ball python (D:3)
  6 frilled lizards
  3 kobolds
  A leopard gecko skeleton (D:4)
  7 rats
92 creatures vanquished.

Notes
Turn   | Place    | Note
-------+----------+-------------------------------------------
     0 | D:1      | Descartes the Deep Elf Ice Elementalist began the quest for
                  | the Orb.
     0 | D:1      | Reached XP level 1. HP: 10/10 MP: 6/6
   509 | D:1      | Reached XP level 2. HP: 15/15 MP: 4/8
  1008 | D:1      | Reached skill level 5 in Ice Magic
  1008 | D:1      | Reached XP level 3. HP: 19/19 MP: 8/10
  1402 | D:2      | Learned a level 3 spell: Frozen Ramparts
  1728 | D:2      | Noticed Robin
  1732 | D:2      | Reached skill level 1 in Shields
  1744 | D:2      | Killed Robin
  1744 | D:2      | Reached XP level 4. HP: 19/24 MP: 3/12
  2351 | D:3      | Noticed Jessica
  2356 | D:3      | Killed Jessica
  2356 | D:3      | Reached XP level 5. HP: 25/28 MP: 8/13
  3423 | D:4      | Noticed an ogre
  3445 | D:4      | Killed an ogre
  3445 | D:4      | Reached XP level 6. HP: 32/32 MP: 9/15
  3446 | D:4      | Reached skill level 5 in Spellcasting
  3895 | D:4      | Reached skill level 6 in Ice Magic
  4122 | D:4      | Found a bloodstained altar of Trog.
  4132 | D:4      | Reached XP level 7. HP: 36/36 MP: 12/16
  4323 | D:5      | Entered Level 5 of the Dungeon
  4333 | D:4      | Reached skill level 7 in Ice Magic
  4350 | D:5      | Slain by a sky beast

Illustrated notes

Levels and vault maps discovered:
D:1:      psy_arrival_wood_between_worlds, layout_basic, minmay_pentomino_s4
D:2:      layout_rooms, uniq_robin
D:3:      layout_loops_corners, uniq_jessica
D:4:      layout_rooms, trog_book
D:5:      layout_cave_pools, kennysheep_mini, minmay_bent

Skill      XL: |  1  2  3  4  5  6  7 |
---------------+----------------------+-----
Spellcasting   | 4 5 |  5.0
Ice Magic      | 5 6 7 |  7.2
Shields        | 1 2 4 |  4.0
Dodging        | |  2.4
Stealth        | |  2.4

Action                   |  1- 3 |  4- 6 |  7- 9 || total
-------------------------+-------+-------+-------++-------
Melee: Unarmed           |     1 |       |       ||     1
       Short sword       |     4 |     1 |       ||     5
       Dagger            |       |    32 |     9 ||    41
 Cast: Freeze            |    51 |     3 |       ||    54
       Frozen Ramparts   |     3 |    31 |     3 ||    37
  Use: Scroll            |     7 |     2 |       ||     9
Armor: Robe              |    12 |     3 |       ||    15
       Leather armour    |       |     1 |     3 ||     4
Dodge: Dodged            |    28 |    35 |     8 ||    71
Block: Buckler           |       |     1 |       ||     1

Table legend: (Time is in decaauts)
 A = Elapsed time spent in this place.
 B = Non-inter-level travel time spent in this place.
 C = Inter-level travel time spent in this place.
 D = Time resting spent in this place.
 E = Time spent auto-exploring this place.
 F = Levels seen in this place.
 G = Mean time per level.
                   A        B        C        D        E       F      G
               +--------+--------+--------+--------+--------+-----+--------+
         Total |   4334 |   4264 |     70 |      0 |   3624 |   5 |  866.8 |
       Dungeon |   4334 |   4264 |     70 |      0 |   3624 |   5 |  866.8 |
               +--------+--------+--------+--------+--------+-----+--------+

Top non-repeatable levels by time:
     D:3: 1463 daAuts
     D:1: 1311 daAuts
     D:4: 933 daAuts
     D:2: 617 daAuts
     D:5: 8 daAuts
